 Dungeon Crawl Stone Soup version 0.19-a0-459-gb8ed64d (webtiles) character file.

122 eoe the Vexing (level 4, -2/33 HPs)
             Began as a Vampire Enchanter on June 2, 2016.
             Slain by a hound (4 damage)
             ... on level 3 of the Dungeon.
             The game lasted 00:27:13 (3452 turns).

eoe the Vexing (Vampire Enchanter)                  Turns: 3452, Time: 00:27:14

Health: -2/33      AC:  4    Str:  8    XL:     4   Next: 78%
Magic:  6/7        EV: 12    Int: 17    God:
Gold:   213        SH:  0    Dex: 14    Spells: 2 memorised, 4 levels left

rFire  . . .     SeeInvis +     a - +1 dagger
rCold  . . .     Gourm    .     b - +1 robe
rNeg   + . .     Faith    .     (no shield)
rPois  .         Spirit   .     (no helmet)
rElec  .         Dismiss  .     k - +0 cloak
rCorr  .         Reflect  .     (no gloves)
SustAt .         Harm     .     (no boots)
MR     .....                    (no amulet)
Stlth  +++.......               (no ring)
                                (no ring)

@: not resistant to hostile enchantments, fairly stealthy
A: fangs 3, see invisible, unbreathing
a: Bat Form


You were on level 3 of the Dungeon.
You were not thirsty.

You visited 1 branch of the dungeon, and saw 3 of its levels.

You collected 213 gold pieces.

Inventory:

Hand Weapons
 a - a +1 dagger (weapon)
 f - a +2 vampiric whip
 q - a +2 falchion of electrocution
 s - a +1 flail of protection
Armour
 b - a +1 robe (worn)
 k - a +0 cloak (worn)
Jewellery
 g - an uncursed ring of resist corrosion {unknown}
 j - an uncursed amulet of magic regeneration {unknown}
 m - an uncursed ring of protection from magic {unknown}
Scrolls
 h - 2 scrolls of identify {unknown}
 r - a scroll of noise {unknown}
Potions
 d - 12 potions of blood
 e - 3 potions of lignification {unknown}
 i - 2 potions of curing {unknown}
 l - a potion of ambrosia {unknown}
 n - a potion of invisibility {unknown}
 o - a potion of magic {unknown}
 p - a potion of haste {unknown}
Books
 c - a book of Maledictions

   Spells                             Type                      Level
   a - Corona                         Hexes                        1
   b - Ensorcelled Hibernation        Hexes/Ice                    2
   c - Confuse                        Hexes                        3
   d - Tukima's Dance                 Hexes                        3
   e - Dazzling Spray                 Conjuration/Hexes            3


   Skills:
 * Level 2.2 Fighting
 - Level 1.1 Short Blades
 - Level 2.1 Dodging
 - Level 4.9 Stealth
 + Level 2.6 Spellcasting
 - Level 6.0 Hexes


You had 4 spell levels left.
You knew the following spells:

 Your Spells              Type           Power        Failure   Level  Hunger
a - Corona                Hex            ###....      1%          1    #......
b - Confuse               Hex            ###.....     6%          3    ###....


Dungeon Overview and Level Annotations

Branches:
Dungeon (3/15)

Altars:


Innate Abilities, Weirdness & Mutations

You have razor-sharp teeth.
You have supernaturally acute eyesight. (SInv)
You can survive without breathing.


Message History

Confirm with . or Enter, or press ? or * to list all spells.
Aiming: Corona
Press: ? - help, Shift-Dir - straight line, f/p - hound
Aim: a hound (severely wounded, chance to defeat MR: 70%)
The hound barely resists.
The hound misses you.
You barely miss the hound.
The hound is severely wounded.
The hound closely misses you. The hound bites you.
* * * LOW HITPOINT WARNING * * *
You hit the hound.
The hound is severely wounded.
The hound bites you.
* * * LOW HITPOINT WARNING * * *
You hit the hound but do no damage. Your bite misses the hound.
The hound is severely wounded.
The hound bites you.
* * * LOW HITPOINT WARNING * * *
The hound pauses to sniff the ground.
The hound bites you.
You die...

.# #.......# #...#....
.############.......# #...#....
.....#..............# #...#....
.....#..............#####...#....
.................................
............................#....
................)......)....#####
.............##.h...).........#<#
#####........##.@....)..#...#.#.#
#........##.........#...#.#.#
#........##.........#..##)#.#
#........##.........##.##.#.#
#........##.........##.##)#..
#........##.........##.##)###
#!#########.........##..#.... #.#
########### #.##### #.†.......
##..####


You could see a hound.

Vanquished Creatures
  An orc priest (D:3)
  2 dart slugs
  3 giant geckos
  6 orcs (D:3)
  8 bats
  5 giant cockroaches
  6 goblins
  10 hobgoblins
  4 jackals
  2 quokkas (D:3)
  2 ball pythons
  9 giant newts
  6 kobolds
  9 rats
73 creatures vanquished.

Notes
Turn   | Place    | Note
--------------------------------------------------------------
     0 | D:1      | eoe the Vampire Enchanter began the quest for the Orb.
     0 | D:1      | Reached XP level 1. HP: 13/13 MP: 3/3
     6 | D:1      | Noticed a water moccasin
     6 | D:1      | Noticed a crocodile
     6 | D:1      | Noticed a wyvern
     7 | D:1      | Noticed a black bear
     7 | D:1      | Noticed a worker ant
   259 | D:1      | Reached XP level 2. HP: 19/19 MP: 3/5
   532 | D:1      | Reached skill level 5 in Hexes
   985 | D:1      | Reached XP level 3. HP: 20/25 MP: 4/6
  1050 | D:1      | Learned a level 3 spell: Confuse
  1870 | D:2      | Reached skill level 6 in Hexes
  2159 | D:3      | Reached skill level 1 in Fighting
  2501 | D:3      | Reached XP level 4. HP: 31/32 MP: 0/7
  3452 | D:3      | Slain by a hound

Vault maps used:
D:1:      onia_arrival_zoo_common
D:3:      st_stairs_7

Skill      XL: |  1  2  3  4 |
---------------+-------------+-----
Hexes          | 5 6 |  6.0
Fighting       | 1 2 |  2.2
Short Blades   | |  1.1
Dodging        | |  2.1
Stealth        | |  4.9
Spellcasting   | |  2.6

Action                   |  1- 3 |  4- 6 || total
-------------------------+-------+-------++-------
Melee: Dagger            |   197 |   101 ||   298
       Bite              |    17 |     8 ||    25
 Cast: Corona            |    41 |    21 ||    62
       Confuse           |     6 |     1 ||     7
 Abil: End Transformatio |     1 |       ||     1
       Bat Form          |     1 |       ||     1
  Use: Potion            |     6 |     4 ||    10
 Stab: Sleeping          |     8 |     3 ||    11
       Confused          |     2 |       ||     2
       Distracted        |     1 |       ||     1
Armor: Robe              |    53 |    26 ||    79
Dodge: Dodged            |   130 |    74 ||   204
